 Dungeon Crawl Stone Soup version 0.19-a0-872-g3103843 (webtiles) character file.

157 rageheart7 the Shooter (level 5, 0/31 HPs)
             Began as a High Elf Wanderer on July 3, 2016.
             Slain by an orc wizard
             ... wielding a +0 dagger
              (1 damage)
             ... on level 3 of the Dungeon.
             The game lasted 00:10:28 (2568 turns).

rageheart7 the Shooter (High Elf Wanderer)          Turns: 2568, Time: 00:10:29

Health: 0/31       AC:  6    Str: 12    XL:     5   Next: 15%
Magic:  7/11       EV: 10    Int: 15    God:
Gold:   107        SH:  0    Dex: 15    Spells: 3 memorised, 5 levels left

rFire  . . .     SeeInvis .     o - +0 short sword
rCold  . . .     Gourm    .     i - +1 leather armour
rNeg   . . .     Faith    .     (no shield)
rPois  .         Spirit   .     r - +0 helmet
rElec  .         Dismiss  .     k - +0 cloak
rCorr  .         Reflect  .     (no gloves)
SustAt .         Harm     .     (no boots)
MR     .....                    (no amulet)
Stlth  ++........               (no ring)
                                (no ring)

@: not resistant to hostile enchantments, unstealthy
A: blurry vision 1, evolution 1
a: no special abilities


You were on level 3 of the Dungeon.
You were hungry.

You visited 1 branch of the dungeon, and saw 3 of its levels.

You collected 107 gold pieces.

Inventory:

Hand Weapons
 c - a +1 shortbow
 o - a +0 short sword (weapon)
Missiles
 d - 13 arrows
Armour
 i - a +1 leather armour (worn)
 k - a +0 cloak (worn)
 r - a +0 helmet (worn)
Wands
 p - a wand of slowing (41/48)
Scrolls
 j - a scroll of enchant armour
Potions
 n - a potion of might
Books
 a - a book of Maledictions

   Spells                             Type                      Level
   a - Corona                         Hexes                        1
   b - Ensorcelled Hibernation        Hexes/Ice                    2
   c - Confuse                        Hexes                        3
   d - Tukima's Dance                 Hexes                        3
   e - Dazzling Spray                 Conjuration/Hexes            3
 b - Sif Muna's Collected Works on Attacks

   Spells                             Type                      Level
   a - Magic Dart                     Conjuration                  1
   b - Static Discharge               Conjuration/Air              3
Comestibles
 f - 2 bread rations
 h - 2 royal jellies


   Skills:
 * Level 6.1 Bows
 - Level 1.0 Armour
 - Level 1.1 Stealth
 + Level 3.5 Spellcasting
 + Level 3.1 Hexes
 + Level 0.8 Ice Magic
 + Level 1.0 Evocations


You had 5 spell levels left.
You knew the following spells:

 Your Spells              Type           Power        Failure   Level  Hunger
a - Corona                Hex            ##.....      8%          1    None
b - Confuse               Hex            ##......     21%         3    ###....
c - Ensorcelled Hibernat  Hex/Ice        #.....       21%         2    ##.....


Dungeon Overview and Level Annotations

Branches:
Dungeon (3/15)

Altars:
Makhleb
Trog
Zin


Innate Abilities, Weirdness & Mutations

Scrolls take you a little longer to read.
You evolve.


Message History

Your +0 cloak unmelds from your body.
Your +0 helmet unmelds from your body.
Your +1 leather armour unmelds from your body.
The orc wizard casts a spell.
The orc wizard flickers and vanishes!
Deactivating autopickup; reactivate with Ctrl-A.
The helpless orc wizard fails to defend itself.
You hit the orc wizard.
The orc wizard is moderately wounded.
You hear some strange, mumbled words.
The orc wizard barely misses you.
You hit the orc wizard.
The orc wizard is heavily wounded.
The orc wizard hits you but does no damage.
You hit the orc wizard.
The orc wizard is almost dead.
The orc wizard hits you but does no damage.
You completely miss the orc wizard.
The orc wizard is severely wounded.
The orc wizard hits you with a dagger.
You die...

#####.##......
#####...........
..............##
#####........)##
##..<......#.
####...........)
###........<....##
#...#...........##
#@###...........#.
#o#o..##[...#).)#.
#{o............())
.lo#...........###
...##...........###
..>....#.....##.....
(.....###..#.###.###)
.(....# #....# #.# #.
o((...(# .....## #.#
#.


You could see 2 orc wizards, an orc and a giant newt.

Vanquished Creatures
  Robin (D:2)
  4 gnolls (D:3)
  4 adders
  3 worms (D:2)
  A giant gecko (D:1)
  5 orcs (D:3)
  4 bats
  A giant cockroach (D:3)
  11 goblins
  5 hobgoblins
  2 jackals (D:1)
  9 kobolds
  4 giant newts
  5 rats
59 creatures vanquished.

Notes
Turn   | Place    | Note
-------+----------+-------------------------------------------
     0 | D:1      | rageheart7 the High Elf Wanderer began the quest for the Orb.
     0 | D:1      | rageheart7 set off with: a book of Maledictions, Sif Muna's Collected Works on Attacks, a +0 shortbow, 29 arrows, a +0 robe, a bread ration
     0 | D:1      | Reached XP level 1. HP: 11/11 MP: 4/4
     0 | D:1      | Identified Sif Muna's Collected Works on Attacks
     2 | D:1      | Learned a level 1 spell: Corona
    45 | D:1      | Reached skill level 3 in Bows
   147 | D:1      | Reached XP level 2. HP: 17/17 MP: 6/6
   677 | D:2      | Reached skill level 4 in Bows
   684 | D:2      | Reached XP level 3. HP: 21/21 MP: 6/8
   685 | D:2      | Noticed Robin
   691 | D:2      | Killed Robin
   949 | D:2      | Found a burning altar of Makhleb.
   959 | D:2      | Found a glowing silver altar of Zin.
   959 | D:2      | Noticed an angel
   959 | D:2      | Noticed an Executioner
  1069 | D:2      | Found a bloodstained altar of Trog.
  1261 | D:2      | Reached skill level 5 in Bows
  1324 | D:2      | Learned a level 3 spell: Confuse
  1327 | D:2      | Learned a level 2 spell: Ensorcelled Hibernation
  1366 | D:2      | Reached XP level 4. HP: 24/27 MP: 5/9
  2014 | D:3      | Gained mutation: You evolve. [potion of mutation]
  2014 | D:3      | Gained mutation: Scrolls take you a little longer to read. [potion of mutation]
  2136 | D:3      | Reached skill level 6 in Bows
  2136 | D:3      | Reached XP level 5. HP: 16/31 MP: 3/11
  2562 | D:3      | HP: 2/46 [orc wizard/puff of frost (8)]
  2568 | D:3      | Slain by an orc wizard

Vault maps used:
D:1:      lemuel_arrival_river_ford
D:2:      minmay_door_path, grunt_temple_overflow_order_and_chaos_2,
          trog_three_pillars_becter, uniq_robin

Skill      XL: |  1  2  3  4 |
---------------+-------------+-----
Bows           | 3 4 5 6 |  6.1
Spellcasting   | 3 |  3.5
Armour         | |  1.0
Stealth        | |  1.1
Hexes          | |  3.1
Ice Magic      | |  0.8
Evocations     | |  1.0

Action                   |  1- 3 |  4- 6 || total
-------------------------+-------+-------++-------
Melee: Short sword       |       |    67 ||    67
 Fire: Shortbow          |    87 |    44 ||   131
 Cast: Corona            |     8 |       ||     8
       Ensorcelled Hiber |       |    11 ||    11
       Confuse           |       |     4 ||     4
  Use: Scroll            |    11 |     1 ||    12
       Potion            |       |     7 ||     7
 Stab: Confused          |       |     2 ||     2
       Sleeping          |       |     1 ||     1
  Eat: Chunk             |     1 |     4 ||     5
       Beef jerky        |       |     1 ||     1
Armor: Robe              |     4 |       ||     4
       Leather armour    |     7 |    29 ||    36
       Skin              |       |    12 ||    12
Dodge: Dodged            |    16 |    61 ||    77
